 Dungeon Sprint DCSS version 0.16-a0-3625-g2624681 (webtiles) character file.

1900 BluebellGnoll the Cleaver (level 8, -11/85 HPs)
             Began as a Deep Dwarf Berserker on Jan 14, 2015.
             Was the Champion of Trog.
             Mangled by a komodo dragon (24 damage)
             ... in the Dungeon (Sprint IX: "|||||||||||||||||||||||||||||").
             The game lasted 00:06:21 (373 turns).

BluebellGnoll the Cleaver (Deep Dwarf Berserker)     Turns: 373, Time: 00:06:21

Health: -11/85     AC: 14    Str: 24    XL:     8   Next: 93%
Magic:  22/22      EV:  9    Int:  9    God:    Trog [******]
Gold:   12         SH:  0    Dex: 13    Spells: 0 memorised, 7 levels left

rFire  . . .     SeeInvis .     m - +3 war axe (vamp)
rCold  . . .     Clarity  .     a - +1 chain mail
rNeg   . . .     SustAb   .     (no shield)
rPois  .         Gourm    .     n - +0 helmet
rElec  .         Spirit   .     (no cloak)
rCorr  .         Warding  .     (no gloves)
rMut   .         NoTele   +     d - +0 pair of boots
MR     +++..                    (no amulet)
Stlth  ..........               (no ring)
                                b - +3 ring of strength

@: non-regenerating, extremely resistant to hostile enchantments, extremely
unstealthy
A: damage resistance, recharge devices, sense surroundings 1, slow healing 3
a: Device Recharging, Burn Spellbooks, Berserk, Trog's Hand, Brothers in Arms,
Renounce Religion


You were in the Dungeon.
You worshipped Trog.
Trog was exalted by your worship.
You were not hungry.

You visited 1 branch You collected 12 gold pieces.

Inventory:

Hand weapons
 m - a +3 vampiric war axe (weapon)
Missiles
 o - 7 tomahawks of dispersal (quivered)
Armour
 a - a +1 chain mail (worn)
 d - a +0 pair of boots (worn)
 n - a +0 helmet (worn)
Rods
 r - a +4 rod of clouds (13/13)
   (You found it in the Dungeon)
Jewellery
 b - a +3 ring of strength (left hand)
Magical devices
 c - a wand of heal wounds (5)
 l - a wand of cold (4)
Scrolls
 j - 4 scrolls of blinking
 k - 5 scrolls of remove curse
 t - a scroll of recharging
Potions
 e - 5 potions of curing
 f - 5 potions of heal wounds
 g - a potion of invisibility
 h - 4 potions of magic
 i - a potion of berserk rage
 p - a potion of might
 q - 3 potions of agility
Comestibles
 s - 3 fruits


   Skills:
 - Level 9.5 Fighting
 - Level 14.1 Axes
 - Level 6.6 Armour
 - Level 2.1 Dodging
 + Level 13.8 Evocations


You had 7 spell levels left.
You didn't know any spells.

Dungeon Overview and Level Annotations

Branches:
Dungeon (1/1)

Altars:
Cheibriados
Dithmenos
Elyvilon
Fedhas
Gozag
Kikubaaqudgha
Makhleb
Nemelex Xobeh
Okawaru
Qazlal
Ru
Sif Muna
Trog
Vehumet
Xom
Yredelemnul
Zin
The Shining One
Beogh
Jiyva
Lugonu


Innate Abilities, Weirdness & Mutations

You are resistant to damage.
You can recharge devices by infusing magical energy.
You passively map a small area around you.
You do not heal naturally.


Message History

The bolt of cold hits the komodo dragon.
The komodo dragon is almost dead.
The bolt of cold hits the iguana.
You kill the iguana!
Trog accepts your kill.
The bolt of cold hits the wolf.
You kill the wolf!
Trog accepts your kill. Something appears at your feet! Trog grants you a gift!
This wand has 4 charges left.
You feel the effects of Trog's Hand fading.
The komodo dragon bites you!
* * * LOW HITPOINT WARNING * * *
Unknown command.
Unknown command.
Your chain mail prevents you from hitting the komodo dragon.
The komodo dragon is almost dead.
The komodo dragon bites you!!
You die...

▓_▓.▓.▓,*
▓_▓.▓.▓,
▓_▓.▓.▓
▓_▓.▓.▓ ,
▓_▓.▓.▓
*,
▓_▓.▓†▓,
▓_▓.▓†▓,
,
▓_▓.▓l▓,*
▓_▓.▓@▓ *
▓_▓.▓.▓
▓_▓.▓.▓ *
▓'▓.▓.▓ ,
▓.▓.▓.▓,*
, ▓.▓.▓.▓
* ▓.▓.▓.▓
,*
▓)▓.▓.▓ *
,
▓.▓.▓.▓,
*


You could see a komodo dragon.

Vanquished Creatures
  A manticore (D)
  A cyclops (D)
  A gargoyle (D)
  A trapdoor spider (D)
  A wolf (D)
  A porcupine (D)
  A water moccasin (D)
  An eye of draining (D)
  2 giant frogs (D)
  An orc priest (D)
  An iguana (D)
  A sheep (D)
  3 worker ants (D)
  2 adders (D)
  An adder skeleton (D)
  An ooze (D)
  A bat (D)
  A bat skeleton (D)
  A goblin (D)
  A hobgoblin (D)
  A kobold (D)
  A quokka (D)
  A rat (D)
27 creatures vanquished.

Vanquished Creatures (collateral kills)
  A soldier ant (D)
  An orc warrior (D)
  A kobold (D)
3 creatures vanquished.

Grand Total: 30 creatures vanquished

Notes
Turn   | Place    | Note
--------------------------------------------------------------
     0 | D        | BluebellGnoll, the Deep Dwarf Berserker, began the quest for the Orb.
     0 | D        | Reached XP level 1. HP: 20/20 MP: 1/1
    17 | D        | Acquired Trog's second power
    17 | D        | Reached skill level 4 in Evocations
    33 | D        | Noticed a worker ant
    33 | D        | Noticed an orc priest
    38 | D        | Reached skill level 5 in Evocations
    39 | D        | Reached skill level 6 in Evocations
    39 | D        | Reached XP level 2. HP: 27/27 MP: 2/4
    46 | D        | Killed an orc priest
    46 | D        | Acquired Trog's third power
    46 | D        | Reached skill level 9 in Evocations
    46 | D        | Reached XP level 3. HP: 33/33 MP: 2/7
    48 | D        | Killed a worker ant
    48 | D        | Reached skill level 10 in Evocations
    49 | D        | Reached XP level 4. HP: 40/40 MP: 2/11
    55 | D        | Found a glowing silver altar of Zin.
    55 | D        | Found a glowing golden altar of the Shining One.
    55 | D        | Found an ancient bone altar of Kikubaaqudgha.
    55 | D        | Found a basalt altar of Yredelemnul.
    55 | D        | Found a shimmering altar of Xom.
    55 | D        | Found a radiant altar of Vehumet.
    55 | D        | Found an iron altar of Okawaru.
    56 | D        | Found a burning altar of Makhleb.
    57 | D        | Found a deep blue altar of Sif Muna.
    58 | D        | Found a bloodstained altar of Trog.
    59 | D        | Found a sparkling altar of Nemelex Xobeh.
    60 | D        | Found a white marble altar of Elyvilon.
    61 | D        | Found a roughly hewn altar of Beogh.
    62 | D        | Found a viscous altar of Jiyva.
    63 | D        | Found a corrupted altar of Lugonu.
    64 | D        | Found a blossoming altar of Fedhas.
    65 | D        | Found a snail-covered altar of Cheibriados.
    66 | D        | Found a shadowy altar of Dithmenos.
    67 | D        | Found a stormy altar of Qazlal.
    68 | D        | Found an opulent altar of Gozag.
    69 | D        | Found a sacrificial altar of Ru.
   150 | D        | Noticed a giant frog
   150 | D        | Noticed an orc warrior
   150 | D        | Noticed a worker ant
   150 | D        | Noticed a soldier ant
   156 | D        | Killed a soldier ant
   156 | D        | Reached skill level 5 in Axes
   166 | D        | Killed a worker ant
   166 | D        | Received a gift from Trog
   166 | D        | Reached XP level 5. HP: 46/46 MP: 14/14
   168 | D        | Killed an orc warrior
   168 | D        | Reached skill level 5 in Armour
   176 | D        | Killed a giant frog
   192 | D        | Noticed an eye of draining
   192 | D        | Noticed a gargoyle
   192 | D        | Noticed a cyclops
   192 | D        | Noticed a manticore
   192 | D        | Noticed a worker ant
   193 | D        | Killed a worker ant
   193 | D        | Reached XP level 6. HP: 52/56 MP: 16/16
   194 | D        | Killed a manticore
   194 | D        | Reached skill level 11 in Axes
   194 | D        | Reached XP level 7. HP: 57/70 MP: 18/18
   194 | D        | Killed a cyclops
   194 | D        | Reached skill level 12 in Axes
   194 | D        | Killed a gargoyle
   194 | D        | Reached skill level 13 in Axes
   194 | D        | Reached XP level 8. HP: 63/84 MP: 20/20
   206 | D        | Killed an eye of draining
   209 | D        | Noticed a trapdoor spider
   216 | D        | Killed a trapdoor spider
   216 | D        | Reached skill level 14 in Axes
   337 | D        | Noticed a komodo dragon
   337 | D        | Noticed a giant frog
   337 | D        | Noticed a porcupine
   337 | D        | Noticed a water moccasin
   340 | D        | Killed a water moccasin
   345 | D        | Noticed an iguana
   347 | D        | Noticed a wolf
   358 | D        | Killed a porcupine
   365 | D        | Killed a giant frog
   372 | D        | Killed an iguana
   372 | D        | Killed a wolf
   372 | D        | Received a gift from Trog
   373 | D        | Mangled by a komodo dragon

Action                   |  1- 3 |  4- 6 |  7- 9 || total
-------------------------+-------+-------+-------++-------
Melee: Hand axe          |    30 |       |       ||    30
       War axe           |       |    17 |    51 ||    68
Invok: Trog's Hand       |     1 |       |     1 ||     2
       Berserk           |     1 |       |       ||     1
       Brothers in Arms  |       |     1 |       ||     1
Evoke: Wand              |       |     1 |     2 ||     3
  Use: Potion            |     1 |       |       ||     1
  Eat: Bread ration      |       |     1 |       ||     1
